 Dungeon Crawl Stone Soup version 0.29.1-12-g30fa7ad0bf (webtiles) character file.

Game seed: 16130734873501079391

83 ChrisAssaf the Firebug (level 4, -3/30 HPs)
             Began as a Demonspawn Fire Elementalist on Dec 30, 2022.
             Engulfed by a cloud of flame (9 damage)
             ... on level 4 of the Dungeon.
             The game lasted 00:11:12 (2370 turns).

ChrisAssaf the Firebug (DsFE)                       Turns: 2370, Time: 00:11:12

Health: -3/30      AC:  5    Str: 10    XL:     4   Next: 22%
Magic:  5/8        EV: 12    Int: 16    God:
Gold:   134        SH:  0    Dex: 14    Spells: 2/8 levels left

rFire   + . .      SeeInvis .   (no weapon)
rCold   + . .      Faith    .   (no shield)
rNeg    . . .      Spirit   .   a - +1 robe
rPois   +          Reflect  .   (no helmet)
rElec   +          Harm     .   (no cloak)
rCorr   +          Rampage  .   (no gloves)
Will    .....                   (no boots)
Stlth   ++........              (no amulet)
HPRegen 0.10/turn               (no ring)
MPRegen 0.11/turn               (no ring)

@: resistant
A: icy blue scales 1, weakness stinger 1
a: no special abilities


You were on level 4 of the Dungeon.
You visited 1 branch of the dungeon, and saw 4 of its levels.

You collected 176 gold pieces.
You spent 42 gold pieces at shops.

Inventory:

Armour
 a - a +1 robe (worn)
Jewellery
 f - a ring of resist corrosion
Wands
 i - a wand of polymorph (7)
Scrolls
 b - a scroll of teleportation
 e - a scroll of butterflies
 k - a scroll of identify
 l - a scroll of fear
Potions
 c - a potion of invisibility {unknown}
 d - a potion of mutation {unknown}
 g - 2 potions of brilliance {unknown}
 h - 3 potions of curing
 j - a potion of lignification {unknown}


   Skills:
 * Level 0.2 Fighting
 * Level 0.6 Armour
 * Level 2.2 Dodging
 * Level 2.0 Stealth
 * Level 0.2 Unarmed Combat
 * Level 2.6 Spellcasting
 * Level 1.3 Conjurations
 * Level 0.2 Hexes
 * Level 3.4 Fire Magic
 * Level 0.4 Evocations


You had 2 spell levels left.
You knew the following spells:

 Your Spells              Type           Power      Damage    Failure   Level
a - Foxfire               Conj/Fire      36%        2x1d5     8%          1
b - Scorch                Fire           26%        2d6       7%          2
c - Inner Flame           Hex/Fire       7%         N/A       28%         3

Your spell library contained the following spells:

 Spells                   Type           Power      Damage    Failure   Level
 Apportation              Tloc           4%         N/A       21%         1
 Conjure Flame            Conj/Fire      9%         6-21      22%         3
 Flame Wave               Conj/Fire      9%         2d6       58%         4
 Alistair's Intoxication  Tmut/Pois      1%         N/A       99%         5


Dungeon Overview and Level Annotations

Branches:
Dungeon (4/15)
 Temple: D:4-7

Altars:
Dithmenos

Shops:
D:3 !

Annotations:
D:4 1 transporter


Innate Abilities, Weirdness & Mutations

You are partially covered in icy blue scales. (AC +2)
You have a small tail.


Message History

The fire bat resists with significant effort.
The fire bat misses you.
Press: ? - help, v - describe, . - travel
Here: a fire bat The floor.
A fire bat is nearby!
The fire bat closely misses you.
The fire bat bites you but does no damage.
Really walk into a travel-excluded area?
Okay, then.
Aiming: Polymorph
Press: ? - help, Shift-Dir - straight line, f/p - fire bat
Aim: a fire bat (flame, will become a sky beast, a manticore, or a golden eye, chance to affect: 58%)
The fire bat evaporates and reforms as a sky beast!
Unknown command.
Casting: Scorch (safe; 8% risk of failure)
Press: ? - help, Q - select action, (/) - cycle Dir - look around, f - activate Flames lash the sky beast.
The sky beast is lightly wounded.
The sky beast's fire resistance burns away.
The sky beast is engulfed in blazing flames.
The sky beast barely misses you.
Casting: Scorch (safe; 8% risk of failure)
Confirm with . or Enter, or press ? or * to list all spells.
You conjure some foxfire!
The sky beast is engulfed in blazing flames.
The sky beast dies!
Your foxfire dissipates! x2
Really walk into a travel-excluded area?
You are engulfed in blazing flames.
There is an open gate here.
Unknown command.
You feel protected.
You are engulfed in blazing flames.
You resist.
The orc shouts!
You feel better.
You are engulfed in blazing flames.
You resist.
You are engulfed in blazing flames.
You resist.
* * * LOW HITPOINT WARNING * * *
You are engulfed in blazing flames.
You resist.
You die...

..........####..>.# #.#
.#####.#...#
##..###+#.# ..o#.©.##
#..##....###
############..........#
#☼°°$©(○○☼##.##...##.#
#○☼○$?$○○○##.##...##.#
#.☼○...☼.°##.##...##'#
#○○°○°°°○○##.##.......
#○.○○@°○.○##.##.......
####○☼☼#####.#<..†....
#°☼...☼°# #..........
#☼○#.#○○# #..#.#####.
#☼○...○○# ##.#.......
#○☼#©#.☼# #.#.#...#.
#☼.○☼○.○# #.#.#._.#.
#☼.○☼○.○# #.#.#...#.
############.#..^....


You could see an orc.

Vanquished Creatures
  3 adders
  4 worms
  6 ball pythons
  2 endoplasms
  2 giant cockroaches (D:4)
  4 goblins
  3 hobgoblins
  A kobold (D:2)
  4 bats
  3 frilled lizards
  4 rats
36 creatures vanquished.

Vanquished Creatures (others)
  A sky beast (D:4)
  28 foxfires
29 creatures vanquished.

Grand Total: 65 creatures vanquished

Notes
Turn   | Place    | Note
-------+----------+-------------------------------------------
     0 | D:1      | ChrisAssaf the Demonspawn Fire Elementalist began the quest
                  | for the Orb.
     0 | D:1      | Reached XP level 1. HP: 13/13 MP: 3/3
   260 | D:1      | Reached skill level 3 in Fire Magic
   260 | D:1      | Gained mutation: You have a small tail. [demonic ancestry]
   260 | D:1      | Reached XP level 2. HP: 19/19 MP: 3/5
   292 | D:2      | Learned a level 2 spell: Scorch
  1096 | D:2      | Gained mutation: You are partially covered in icy blue
                  | scales. (AC +2) [demonic ancestry]
  1096 | D:2      | Reached XP level 3. HP: 24/24 MP: 1/6
  1141 | D:2      | Learned a level 3 spell: Inner Flame
  1161 | D:3      | Found Laajelo's Distillery.
  1185 | D:3      | Bought a potion of curing for 42 gold pieces
  2144 | D:2      | Reached XP level 4. HP: 29/30 MP: 1/7
  2170 | D:4      | Found a shadowy altar of Dithmenos.
  2210 | D:4      | Found a transporter.
  2215 | D:4      | Noticed a fire bat
  2342 | D:4      | Found a transporter.
  2357 | D:4      | Noticed a sky beast
  2357 | D:4      | a fire bat changed into a sky beast
  2359 | D:4      | Killed a sky beast
  2370 | D:4      | Engulfed by a cloud of flame

Illustrated notes

Levels and vault maps discovered:
D:1:      psy_arrival_spokes, layout_basic, shapermc_ecumenical_altar_ellora
D:2:      layout_basic, minmay_statues_item, minivault_23
D:3:      layout_loops_ring, serial_shops, nicolae_square_shop
D:4:      gammafunk_cloud_chamber, layout_basic,
          mainiacjoe_overflow_cross_hatched, gammafunk_temple_overflow_pools,
          ebering_ghost_disaster_area, serial_shops, nicolae_shop_stone

Skill      XL: |  1  2  3 |
---------------+----------+-----
Fire Magic     | 3 |  3.4
Dodging        | 2 |  2.2
Stealth        | 2 |  2.0
Fighting       | |  0.2
Armour         | |  0.6
Unarmed Combat | |  0.2
Spellcasting   | |  2.6
Conjurations   | |  1.3
Hexes          | |  0.2
Evocations     | |  0.4

Action                   |  1- 3 |  4- 6 || total
-------------------------+-------+-------++-------
Melee: Unarmed           |    12 |       ||    12
       Tailslap          |     2 |       ||     2
 Cast: Foxfire           |    16 |     2 ||    18
       Scorch            |    36 |     4 ||    40
Evoke: Wand              |       |     2 ||     2
  Use: Potion            |     3 |     2 ||     5
       Scroll            |     5 |     1 ||     6
Armor: Robe              |    10 |     1 ||    11
Dodge: Dodged            |    22 |     8 ||    30
